 Dungeon Crawl Stone Soup version 0.29.1-15-g9cfb28693d (webtiles) character file.

Game seed: 9951050559854794987

2063 H0rd4k the Insei (level 9, -5/61 HPs)
             Began as an Octopode Artificer on Mar 22, 2023.
             Was an Initiate of Gozag.
             Slain by a wyvern (16 damage)
             ... on level 8 of the Dungeon.
             The game lasted 00:08:40 (9944 turns).

H0rd4k the Insei (Octopode Artificer)               Turns: 9944, Time: 00:08:41

Health: -5/61      AC:  1    Str: 17    XL:     9   Next: 25%
Magic:  18/18      EV: 17    Int: 18    God:    Gozag
Gold:   411        SH:  5    Dex: 12    Spells: 17/20 levels left

rFire   . . .      SeeInvis .     - Unarmed
rCold   + . .      Faith    .   (no shield)
rNeg    . . .      Spirit   .   (helmet restricted)
rPois   .          Reflect  +   y - amulet of reflection
rElec   .          Harm     .   j - +4 ring of evasion
rCorr   +          Rampage  .   v - ring of protection from cold
Will    .....                   B - ring of flight
Stlth   +++.......              I - +6 ring of strength
HPRegen 0.20/turn               J - ring of resist corrosion
MPRegen 0.16/turn               (no ring)
                                (no ring)
                                (no ring)

@: flying
A: almost no armour, amphibious, 8 rings, camouflage 1, gelatinous body 1,
(nimble swimmer 1), tentacles
a: Renounce Religion, Potion Petition, Call Merchant, Bribe Branch


You were on level 8 of the Dungeon.
You worshipped Gozag.
Gozag was aware of your devotion.
You visited 2 branches of the dungeon, and saw 9 of its levels.
You also visited: Sewer.

You collected 526 gold pieces.
You paid 115 gold pieces to Gozag.

Inventory:

Armour
 E - an orb of mayhem
Magical Staves
 s - a staff of earth
Jewellery
 j - a +4 ring of evasion (left tentacle)
 v - a ring of protection from cold (right tentacle)
 y - an amulet of reflection (around mantle)
 B - a ring of flight (on tentacle)
 H - an amulet of the acrobat
 I - a +6 ring of strength (on tentacle)
 J - a ring of resist corrosion (on tentacle)
Wands
 F - a wand of roots (23)
Scrolls
 a - 3 scrolls of noise {unknown}
 e - a scroll of fog {unknown}
 g - 4 scrolls of amnesia
 i - 2 scrolls of teleportation
 l - 6 scrolls of identify {unknown}
 o - a scroll of blinking {unknown}
 q - a scroll of immolation {unknown}
 t - 2 scrolls of enchant armour {unknown}
 u - 3 scrolls of vulnerability {unknown}
 x - a scroll of poison {unknown}
 G - 2 scrolls of fear {unknown}
Potions
 b - a potion of magic {unknown}
 c - a potion of brilliance {unknown}
 d - a potion of resistance {unknown}
 f - 3 potions of heal wounds
 h - 3 potions of flight {unknown}
 k - 3 potions of mutation {unknown}
 m - 4 potions of attraction {unknown}
 n - 3 potions of berserk rage {unknown}
 p - 2 potions of might {unknown}
 r - 2 potions of curing {unknown}
 w - 2 potions of experience {unknown}
 z - a potion of cancellation {unknown}
 A - 3 potions of lignification {unknown}
 C - a potion of ambrosia {unknown}
 D - a potion of haste {unknown}


   Skills:
 + Level 5.6 Fighting
 + Level 1.2 Throwing
 - Level 2.3 Dodging
 - Level 1.3 Stealth
 - Level 1.0 Shields
 - Level 6.8 Unarmed Combat
 * Level 6.4 Spellcasting
 + Level 1.7 Air Magic
 - Level 3.2 Evocations


You had 17 spell levels left.
You knew the following spells:

 Your Spells              Type           Power      Damage    Failure   Level
a - Swiftness             Air            12%        N/A       17%         3

Your spell library contained the following spells:

 Spells                   Type           Power      Damage    Failure   Level
 Slow                     Hex            20%        N/A       12%         1
 Ensorcelled Hibernation  Hex/Ice        10%        N/A       17%         2
 Passwall                 Tmut/Erth      4%         N/A       17%         2
 Sublimation of Blood     Necr           5%         N/A       17%         2
 Wereblood                Tmut           5%         N/A       17%         2
 Confusing Touch          Hex            5%         N/A       34%         3
 Gell's Gravitas          Tloc           5%         N/A       34%         3
 Lesser Beckoning         Tloc           5%         N/A       34%         3
 Teleport Other           Tloc           5%         N/A       34%         3
 Vampiric Draining        Necr           5%         2d6       34%         3
 Summon Hydra             Summ           2%         N/A       100%        7


Dungeon Overview and Level Annotations

Branches:
Dungeon (8/15)             Temple (1/1) D:7           Sewer (visited)
   Lair: D:8-11

Altars:
Ashenzari
Cheibriados
Dithmenos
Elyvilon
Fedhas
Gozag
Hepliaklqana
Kikubaaqudgha
Makhleb
Nemelex Xobeh
Okawaru
Qazlal
Ru
Sif Muna
Trog
Uskayaw
Wu Jian
Xom
Yredelemnul
Zin
The Shining One

Shops:
D:1 :

Annotations:
D:5 1 runed translucent door, exclusion: door, vvl's ghost, amateur DsMo
D:7 exclusion: ice beast
D:8 exclusion: killer bee


Innate Abilities, Weirdness & Mutations

You cannot wear most types of armour.
You are amphibious.
You can wear up to eight rings at the same time.
Your skin changes colour to match your surroundings (Stealth+).
Your rubbery body absorbs attacks. (AC +1, EV +1)
((You are camouflaged when in or above water. (Stealth+)))
You have tentacles for arms and can constrict up to eight enemies at once.


Message History

You reach down and open the door.
There is an open door here.
You reach down and open the door.
There is an open door here.
A wyvern comes into view.
You throw a poisoned dart. The poisoned dart hits the wyvern.
The wyvern hisses angrily.
You throw a poisoned dart. The poisoned dart hits the wyvern.
You throw a poisoned dart.
The poisoned dart closely misses the wyvern.
You throw a poisoned dart. The poisoned dart hits the wyvern.
The wyvern is poisoned.
Nothing quivered!
The wyvern bites you but does no damage.
The wyvern bites you.
You tentacle-slap the wyvern.
The wyvern is lightly wounded.
The wyvern misses you.
You tentacle-slap the wyvern.
The wyvern is heavily wounded.
The wyvern bites you!
You completely miss the wyvern. You squeeze the wyvern.
The wyvern is heavily wounded.
The wyvern bites you. The wyvern misses you.
You bludgeon the wyvern!
The wyvern is severely wounded.
The wyvern bites you!
You closely miss the wyvern. Your squeeze misses the wyvern.
The wyvern is almost dead.
You block the wyvern's attack.
You closely miss the wyvern. Your squeeze misses the wyvern.
The wyvern is almost dead.
The wyvern looks more healthy.
The wyvern bites you!
* * * LOW HITPOINT WARNING * * *
The wyvern misses you.
You completely miss the wyvern. You squeeze the wyvern.
The wyvern is almost dead.
The wyvern bites you!
You die...
Your body crumbles into a pile of gold.

#............. $
....############..
#........ #..
+........ #..
#........ #..
#........ $ #..
#######.....((.
#..
#........(.....$
###
#......@l......
#......#####+##
#......# #......#
##.....# #.....#
#.....# #.....#
#.....# ###


You could see a wyvern.

Vanquished Creatures
  Grinder (Sewer)
  A water moccasin (D:7)
  2 ice beasts
  An orc warrior (D:7)
  A sky beast (D:7)
  2 centaurs
  A phantom (D:5)
  A necrophage (Sewer)
  A kobold brigand (D:8)
  2 bullfrogs
  A scorpion (D:7)
  2 wights (Sewer)
  2 howler monkeys (D:6)
  4 hounds
  A gnoll bouda (D:4)
  3 orc priests
  An iguana (D:6)
  Jessica (D:2)
  7 adders
  5 gnolls (D:4)
  3 shadow imps
  3 ufetubi
  A worm (D:2)
  5 dart slugs
  17 orcs
  11 endoplasms
  7 giant cockroaches
  4 goblins
  7 hobgoblins
  2 jackals (D:4)
  20 kobolds
  A quokka (D:2)
  13 ball pythons
  10 bats
  3 frilled lizards
  3 kobold zombies (Sewer)
  10 rats
160 creatures vanquished.

Vanquished Creatures (collateral kills)
  An orc priest (D:4)
  Ijyb (D:5)
  5 orcs
  A ball python (Sewer)
  An endoplasm (D:4)
9 creatures vanquished.

Vanquished Creatures (others)
  An ice beast (D:7)
  A scorpion (D:5)
  An orc priest (D:7)
  An orc wizard (D:4)
4 creatures vanquished.

Grand Total: 173 creatures vanquished

Notes
Turn   | Place    | Note
-------+----------+-------------------------------------------
     0 | D:1      | H0rd4k the Octopode Artificer began the quest for the Orb.
     0 | D:1      | Reached XP level 1. HP: 13/13 MP: 1/1
    96 | D:1      | Found Edwixiel's Book Shoppe.
   343 | D:1      | Reached skill level 1 in Spellcasting
   343 | D:1      | Reached XP level 2. HP: 13/18 MP: 3/3
   939 | D:1      | Reached XP level 3. HP: 24/24 MP: 5/5
  1432 | D:1      | Reached skill level 1 in Unarmed Combat
  1586 | D:2      | Noticed Jessica
  1600 | D:2      | Killed Jessica
  1601 | D:2      | Reached XP level 4. HP: 30/30 MP: 5/7
  2387 | D:2      | Found a faded altar of an unknown god.
  2676 | D:3      | Reached XP level 5. HP: 33/35 MP: 8/8
  3779 | D:4      | Noticed an ice beast
  3789 | D:4      | Killed an ice beast
  3790 | D:4      | Reached XP level 6. HP: 25/42 MP: 8/10
  4428 | D:4      | Found a broken altar of Ashenzari.
  4576 | D:4      | Reached XP level 7. HP: 9/39 MP: 11/11
  5255 | D:5      | Entered Level 5 of the Dungeon
  5312 | D:5      | Reached skill level 5 in Unarmed Combat
  5315 | D:5      | Found a runed translucent door.
  5319 | D:5      | Noticed vvl's ghost (amateur DsMo)
  5494 | D:5      | Noticed Ijyb
  5511 | D:5      | Killed Ijyb
  5518 | D:5      | Found a glowing drain.
  5533 | Sewer    | Entered a sewer
  5739 | Sewer    | Found an ancient bone altar of Kikubaaqudgha.
  5823 | Sewer    | Noticed Grinder
  5855 | Sewer    | Reached XP level 8. HP: 39/54 MP: 13/13
  5860 | Sewer    | Killed Grinder
  5861 | Sewer    | Reached skill level 1 in Shields
  6078 | Sewer    | Learned a level 3 spell: Swiftness
  6350 | D:6      | Found a snail-covered altar of Cheibriados.
  6591 | D:6      | Reached skill level 1 in Air Magic
  7690 | D:7      | Found a shadowy altar of Dithmenos.
  7724 | D:7      | Found a staircase to the Ecumenical Temple.
  7735 | Temple   | Entered the Ecumenical Temple
  7918 | Temple   | Became a worshipper of Gozag Ym Sagoz the Greedy
  7960 | D:7      | Reached skill level 5 in Spellcasting
  8257 | D:7      | Reached skill level 5 in Fighting
  8329 | D:7      | Reached XP level 9. HP: 35/61 MP: 17/17
  9103 | D:8      | Reached skill level 1 in Throwing
  9314 | D:8      | HP: 3/61 [acid dragon (12)]
  9944 | D:8      | Slain by a wyvern

Illustrated notes

Levels and vault maps discovered:
D:1:      pf_arrival_petrified_forest, layout_basic, serial_glass,
          glass_columns_a, glass_columns_a, glass_columns_c, glass_columns_b,
          serial_shops, shop
D:2:      layout_rooms, shapermc_ecumenical_altar_mp_vishouse,
          minmay_misc_feat_secret_circle, uniq_jessica
D:3:      layout_loops_corners, serial_aquarium, aquarium_bridge_straight
          [aquarium_subvault_bridge, aquarium_subvault_balcony,
          aquarium_subvault_bridge, aquarium_subvault_window],
          aquarium_bridge_straight [aquarium_subvault_bridge,
          aquarium_subvault_window, aquarium_subvault_bridge,
          aquarium_subvault_balcony], aquarium_window_1, aquarium_window_2,
          aquarium_view_2a, aquarium_view_2e, aquarium_pool_side,
          chequers_serial_rivers_small_b, st_stairs_1
D:4:      layout_basic, mainiacjoe_overflow_concentric_impassable, minivault_23
D:5:      layout_rooms, portal_sewer_entry_a, hellmonk_ghost_happy_afterlife,
          uniq_ijyb
D:6:      layout_loops_ring, kennysheep_slug_shrine
D:7:      layout_basic, lemuel_round_altar, minmay_temple_entry_proselytizer,
          corner_web_ring
D:8:      layout_gridville
Temple:   dpeg_five_rooms_temple

Skill      XL: |  1  2  3  4  5  6  7  8  9 |
---------------+----------------------------+-----
Spellcasting   | 1 2 3 5 6 |  6.4
Fighting       | 2 3 4 5 |  5.6
Unarmed Combat | 1 2 3 4 6 |  6.8
Shields        | 1 |  1.0
Air Magic      | 1 |  1.7
Throwing       | 1 |  1.2
Dodging        | |  2.3
Stealth        | |  1.3
Evocations     | |  3.2

Action                   |  1- 3 |  4- 6 |  7- 9 || total
-------------------------+-------+-------+-------++-------
Melee: Unarmed           |    76 |   138 |   209 ||   423
       Tentacles         |    25 |    27 |    50 ||   102
       Constrict         |    27 |    34 |    44 ||   105
       Punch             |     2 |     1 |     7 ||    10
Throw: Dart              |       |       |    12 ||    12
Evoke: Wand              |       |     9 |    27 ||    36
  Use: Scroll            |       |       |     2 ||     2
       Potion            |       |       |     1 ||     1
 Stab: Sleeping          |     5 |    13 |     5 ||    23
       Paralysed         |       |       |     2 ||     2
Armor: Skin              |     5 |     4 |     7 ||    16
Dodge: Dodged            |    47 |    96 |   140 ||   283
Block: Other             |       |       |    36 ||    36
       Reflection        |       |       |     2 ||     2
